 Dungeon Crawl Stone Soup version 0.19.1 (webtiles) character file.

72 CanadianGator the Insei (level 4, -1/38 HPs)
             Began as a Demonspawn Monk on Dec 8, 2016.
             Slain by an orc
             ... wielding a +0 flail
              (4 damage)
             ... on level 3 of the Dungeon.
             The game lasted 00:04:41 (1788 turns).

CanadianGator the Insei (Demonspawn Monk)           Turns: 1788, Time: 00:04:41

Health: -1/38      AC: 10    Str: 12    XL:     4   Next: 6%
Magic:  3/3        EV:  8    Int: 11    God:
Gold:   72         SH:  0    Dex: 16    Spells: 0 memorised, 3 levels left

rFire  . . .     SeeInvis .       - Unarmed
rCold  . . .     Gourm    .     e - +0 scale mail
rNeg   . . .     Faith    .     (no shield)
rPois  .         Spirit   .     (helmet restricted)
rElec  .         Reflect  .     (no cloak)
rCorr  .         Harm     .     (no gloves)
MR     .....     Rnd*Tele +     (no boots)
Stlth  +.........               (no amulet)
                                l - -2 ring of evasion (curse)
                                c - +4 ring of protection

@: about to teleport
A: horns 1, low mp 1, powered by pain 2, robust 1, teleportitis 1
a: no special abilities


You were on level 3 of the Dungeon.
You were hungry.

You visited 1 branch of the dungeon, and saw 3 of its levels.

You collected 72 gold pieces.

Inventory:

Armour
 a - a +0 robe
 e - a +0 scale mail (worn)
Jewellery
 c - a +4 ring of protection (left hand)
 j - an uncursed ring of poison resistance
 l - a cursed -2 ring of evasion (right hand)
Scrolls
 f - a scroll of teleportation
 n - a scroll of identify {unknown}
Potions
 i - a potion of agility {unknown}
 k - a potion of brilliance {unknown}
 m - a potion of resistance {unknown}
Comestibles
 b - 2 bread rations
 d - a beef jerky
 h - 3 fruits


   Skills:
 + Level 3.3 Fighting
 + Level 1.0 Armour
 + Level 3.0 Dodging
 + Level 2.1 Stealth
 * Level 3.5 Unarmed Combat


You had 3 spell levels left.
You didn't know any spells.

Dungeon Overview and Level Annotations

Branches:
Dungeon (3/15)

Altars:
Dithmenos
Elyvilon
Fedhas
Hepliaklqana
Nemelex Xobeh
Trog
Uskayaw
Vehumet
Xom
Yredelemnul
Zin


Innate Abilities, Weirdness & Mutations

You have a pair of small horns on your head.
You sometimes gain power by taking damage.
Your magical capacity is low. (-10% MP)
You are robust. (+10% HP)
You are occasionally teleported next to monsters.


Message History

The tomahawk hits you but does no damage.
The orc priest mumbles some strange prayers to Beogh against you.
Beogh smites you!
The orc throws a tomahawk.
The tomahawk hits you but does no damage.
You see here a tomahawk.
The orc hits you but does no damage.
You see here a tomahawk.
You closely miss the orc. You hit the orc but do no damage.
Your headbutt misses the orc.
The orc priest invokes the aid of Beogh against you.
Beogh smites you!
* * * LOW HITPOINT WARNING * * *
The orc closely misses you.
Unknown command.
It was a potion of mutation.
You feel extremely strange.
You feel weirdly uncertain.
You feel robust.
You feel less energetic. The orc barely misses you.
As you read the scroll of teleportation, it crumbles to dust.
You feel strangely unstable. The orc hits you with a flail.
You die...

### ..# #.#
#.#####.######
#.ooo@(......# ###
#..####.####.# ..#
#..####.### #.#
#..##....^# #.#
#..##.#.#.#... #.#
#.(.........# #<#
##.##.#.#.#...#
#.####...#.....##.##
#..........†.### .#


You could see an orc priest and 2 orcs.

Vanquished Creatures
  2 adders (D:2)
  An ooze (D:1)
  A worm (D:2)
  A dart slug (D:1)
  A leopard gecko (D:2)
  An orc (D:3)
  A ball python (D:2)
  A giant cockroach (D:1)
  4 goblins
  4 hobgoblins
  2 jackals (D:1)
  7 kobolds
  6 bats
  5 frilled lizards
  7 rats
44 creatures vanquished.

Notes
Turn   | Place    | Note
-------+----------+-------------------------------------------
     0 | D:1      | CanadianGator the Demonspawn Monk began the quest for the Orb.
     0 | D:1      | Reached XP level 1. HP: 18/18 MP: 1/1
   357 | D:1      | Gained mutation: You have a pair of small horns on your head. [demonic ancestry]
   357 | D:1      | Reached XP level 2. HP: 24/24 MP: 2/2
   743 | D:1      | Gained mutation: You sometimes gain a little power by taking damage. [demonic ancestry]
   743 | D:1      | Reached XP level 3. HP: 21/29 MP: 3/3
   861 | D:2      | Found a hide-covered altar of Uskayaw.
   861 | D:2      | Noticed a dagger
   861 | D:2      | Noticed a hand axe
   872 | D:2      | Found a shimmering altar of Xom.
   968 | D:2      | Reached skill level 1 in Armour
  1006 | D:2      | Found a radiant altar of Vehumet.
  1199 | D:2      | Found a white marble altar of Elyvilon.
  1203 | D:2      | Found a bloodstained altar of Trog.
  1203 | D:2      | Found a shadowy altar of Dithmenos.
  1204 | D:2      | Found a glowing silver altar of Zin.
  1205 | D:2      | Found a hazy altar of Hepliaklqana.
  1206 | D:2      | Found a sparkling altar of Nemelex Xobeh.
  1207 | D:2      | Found a blossoming altar of Fedhas.
  1208 | D:2      | Found a basalt altar of Yredelemnul.
  1482 | D:2      | Gained mutation: You sometimes gain power by taking damage. [demonic ancestry]
  1482 | D:2      | Reached XP level 4. HP: 31/35 MP: 4/4
  1787 | D:3      | Gained mutation: You are occasionally teleported next to monsters. [potion of mutation]
  1787 | D:3      | Gained mutation: You are robust. (+10% HP) [potion of mutation]
  1787 | D:3      | Gained mutation: Your magical capacity is low. (-10% MP) [potion of mutation]
  1788 | D:3      | Slain by an orc

Skill      XL: |  1  2  3 |
---------------+----------+-----
Unarmed Combat | 3 |  3.5
Armour         | 1 |  1.0
Stealth        | 2 |  2.1
Dodging        | 3 |  3.0
Fighting       | |  3.3

Action                   |  1- 3 |  4- 6 || total
-------------------------+-------+-------++-------
Melee: Unarmed           |   127 |    10 ||   137
       Punch             |     1 |       ||     1
       Headbutt          |    18 |     2 ||    20
  Use: Scroll            |     2 |     1 ||     3
       Potion            |       |     1 ||     1
 Stab: Sleeping          |     1 |       ||     1
  Eat: Chunk             |     2 |       ||     2
Armor: Robe              |     8 |       ||     8
       Scale mail        |    33 |     6 ||    39
Dodge: Dodged            |    54 |    10 ||    64
